 Dungeon Crawl Stone Soup version 0.30-a0-122-g2a1322497e (webtiles) character file.

Game seed: 10752860071542208089

2 Dreamer the Trooper (level 1, -2/18 HPs)
             Began as a Formicid Berserker on Sept 17, 2022.
             Was a Follower of Trog.
             Slain by a jackal (3 damage)
             ... on level 1 of the Dungeon.
             The game lasted 00:00:58 (72 turns).

Dreamer the Trooper (Formicid Berserker)              Turns: 72, Time: 00:00:58

Health: -2/18      AC:  2    Str: 21    XL:     1   Next: 44%
Magic:  1/1        EV: 12    Int:  6    God:    Trog [*.....]
Gold:   9          SH:  0    Dex: 13    Spells: 0/0 levels left

rFire   . . .      SeeInvis +    a - +0 mace
rCold   . . .      Faith    .    (no shield)
rNeg    . . .      Spirit   .    b - +0 animal skin
rPois   .          Reflect  .    (helmet unavailable)
rElec   .          Harm     .    (no cloak)
rCorr   .          Rampage  .    (no gloves)
Will    .....                    (no boots)
Stlth   +.........               (no amulet)
HPRegen 0.06/turn                (no ring)
MPRegen 0.07/turn                (no ring)

@: no status effects
A: permanent stasis, dig shafts and tunnels, antennae 3, four strong arms
a: Dig, Shaft Self, Renounce Religion


You were on level 1 of the Dungeon.
You worshipped Trog.
Trog was aware of your devotion.
You visited 1 branch of the dungeon, and saw 1 of its levels.

You collected 9 gold pieces.

Inventory:

Hand Weapons
 a - a +0 mace (weapon)
Missiles
 d - 5 poisoned darts
Armour
 b - a +0 animal skin (worn)
Potions
 c - a potion of might {unknown}


   Skills:
 + Level 3.3 Fighting
 * Level 3.0 Maces & Flails
 * Level 0.3 Throwing
 - Level 2.1 Armour
 - Level 1.7 Dodging


You couldn't memorise any spells.
You didn't know any spells.
Your spell library was empty.

Dungeon Overview and Level Annotations

Branches:
Dungeon (1/15)

Altars:


Innate Abilities, Weirdness & Mutations

You cannot be hasted, slowed, berserked, paralysed or teleported.
You can dig through walls and to a lower floor.
You have a pair of large antennae on your head. (SInv)
Your four strong arms can wield two-handed weapons with a shield.


Message History

The kobold closely misses you.
You hit the kobold.
The kobold is heavily wounded.
The kobold closely misses you. The jackal attacks as you move away!
The jackal barely misses you.
The kobold throws a stone.
The stone hits you.
You hit the jackal.
You kill the jackal!
Trog accepts your kill.
The kobold throws a stone.
The stone closely misses you. The jackal closely misses you.
You hit the jackal but do no damage. The jackal closely misses you.
The jackal misses you.
You barely miss the jackal. The jackal barely misses you.
You barely miss the jackal. The jackal bites you. x2
You sock the kobold!
You kill the kobold!
Trog accepts your kill. The jackal bites you. The jackal barely misses you.
You barely miss the jackal. The jackal bites you. The jackal barely misses you.
You closely miss the jackal. The jackal barely misses you.
You hit the jackal.
The jackal is moderately wounded.
The jackal bites you.
The jackal bites you but does no damage.
You miss the jackal.
The jackal is lightly wounded.
The jackal bites you.
* * * LOW HITPOINT WARNING * * *
The jackal bites you.
* * * LOW HITPOINT WARNING * * *
You hit the jackal.
The jackal is heavily wounded.
The jackal bites you.
* * * LOW HITPOINT WARNING * * *
The jackal misses you.
You closely miss the jackal.
The jackal is heavily wounded.
The jackal closely misses you. The jackal bites you.
You die...

...~♣~...##.#~#
...♣8♣...''(8♣#...# ..
...~♣~...##.#~#...#......
.........#8.###...#.......
♣.......♣##.#≈≈...#...)....
♣~.....~♣ #+# ≈............
#♣##'##♣# ............
##8#'#8### #)#.......#
.........+ #≈#@#..?....##
#8##.##8## #≈#.hK........ ~
#'# ~# #≈###..).....#
#♣##'##♣######≈..+........#
≈≈≈≈.≈≈≈≈≈≈≈≈≈≈.##........#
###..#####......#.....#....
#..............#'#...#....
...........................
.............#............


You could see a jackal and a kobold.

Vanquished Creatures
  A jackal (D:1)
  A kobold (D:1)
2 creatures vanquished.

Notes
Turn   | Place    | Note
-------+----------+-------------------------------------------
     0 | D:1      | Dreamer the Formicid Berserker began the quest for the Orb.
     0 | D:1      | Reached XP level 1. HP: 18/18 MP: 1/1
    72 | D:1      | Slain by a jackal

Illustrated notes

Levels and vault maps discovered:
D:1:      saegor_arrival_fortress, layout_basic, kennysheep_flooded_box,
          serial_park_tiny_2, minmay_indecisive_spiral

Action                   || total
-------------------------++-------
Melee: Mace              ||    12
Armor: Animal skin       ||     2
Dodge: Dodged            ||    13

Table legend: (Time is in decaauts)
 A = Elapsed time spent in this place.
 B = Non-inter-level travel time spent in this place.
 C = Inter-level travel time spent in this place.
 D = Time resting spent in this place.
 E = Time spent auto-exploring this place.
 F = Levels seen in this place.
 G = Mean time per level.
                   A        B        C        D        E       F      G
               +--------+--------+--------+--------+--------+-----+--------+
         Total |     74 |     74 |      0 |      0 |     46 |   1 |   74.0 |
       Dungeon |     74 |     74 |      0 |      0 |     46 |   1 |   74.0 |
               +--------+--------+--------+--------+--------+-----+--------+

Top non-repeatable levels by time:
     D:1: 74 daAuts
